Map: Frozen Temple

Players

IIIIIIIIII

  • Race: Zerg Zerg
  • League: Master

Miszu - Winner!

  • Race: Terran Terran
  • League: Grandmaster

VOD

Have the link to the VOD?

Description

Time

  • Played on: June 4, 2016, 3:36 p.m.
  • Length: 10:38
Show
View Real Time Build Order
Export as new Build Order

IIIIIIIIII Zerg 

Build Orders: Hatch First, Muta Ling Bane 

Get SALT Encoding   

  12  0:01  Drone  
  13  0:13  Overlord  
  13  0:19  Drone  
  14  0:31  Drone x2  
  16  0:37  Drone  
  17  0:53  Hatchery  
  16  0:57  Drone  
  16  0:59  Extractor  
  16  1:02  Drone  
  17  1:18  Spawning Pool  
  16  1:22  Drone  
  16  1:23  Drone  
  18  1:29  Drone  
  19  1:39  Overlord  
  19  2:04  Metabolic Boost  
  19  2:05  Queen x2  
  19  2:07  Zergling x2  
  24  2:10  Zergling x2  
  24  2:13  Zergling x2  
  26  2:17  Drone  
  26  2:19  Drone  
  29  2:22  Drone  
  29  2:33  Drone  
  30  2:38  Drone  
  31  2:44  Overlord  
  31  2:45  Drone  
  31  2:48  Drone  
  33  2:51  Queen  
  33  2:57  Drone  
  36  3:03  Drone  
  37  3:07  Drone  
  37  3:09  Drone  
  39  3:14  Drone x2  
  39  3:18  Drone  
  42  3:29  Hatchery  
  42  3:33  Roach Warren  
  40  3:35  Drone  
  40  3:36  Drone x2  
  40  3:37  Overlord, Extractor  
  42  3:52  Drone x2  
  42  3:54  Queen  
  46  4:00  Overlord  
  46  4:07  Overlord  
  46  4:09  Drone  
  47  4:10  Drone  
  47  4:14  Roach x2  
  52  4:21  Roach x2  
  52  4:22  Overlord  
  56  4:28  Overlord  
  56  4:30  Drone  
  56  4:31  Drone x3  
  60  4:36  Spore Crawler  
  59  4:40  Drone  
  59  4:41  Drone x4  
  64  4:50  Drone  
  65  4:53  Drone x2  
  65  4:55  Evolution Chamber  
  65  4:57  Drone x2  
  65  4:58  Overlord  
  65  4:59  Evolution Chamber  
  67  5:00  Drone  
  67  5:05  Drone x4  
  72  5:07  Drone  
  72  5:11  Drone  
  72  5:13  Lair  
  74  5:16  Baneling Nest  
  74  5:21  Drone x3  
  75  5:24  Zerg Melee Weapons Level 1  
  75  5:26  Extractor, Zerg Ground Armor Level 1  
  75  5:27  Drone x3  
  78  5:34  Extractor, Zergling x8  
  80  5:50  Drone x2  
  80  5:51  Drone x2  
  80  5:52  Overlord x2  
  80  5:53  Extractor  
  80  5:54  Zergling x6  
  80  5:55  Zergling x2  
  87  5:57  Hatchery  
  87  6:02  Overlord  
  86  6:13  Spire, Centrifical Hooks  
  85  6:18  Zergling x2  
  85  6:19  Zergling x14  
  85  6:22  Overseer  
  85  6:25  Overseer  
  85  6:33  Zergling x8  
  85  6:34  Zergling x14  
  96  6:41  Zergling x4  
  96  6:45  Zergling x2  
  99  6:47  Baneling x3  
  97  7:01  Drone x3  
  85  7:04  Extractor  
  85  7:08  Drone x2  
  86  7:10  Zergling x2  
  86  7:11  Zergling x6  
  86  7:14  Hatchery  
  89  7:19  Zergling x2  
  89  7:20  Zergling x14  
  96  7:32  Mutalisk  
  96  7:35  Overlord x2  
  96  7:36  Overlord x2  
  97  7:43  Zerg Ground Armor Level 2, Zerg Melee Weapons Level 2  
  97  7:47  Hatchery  
  97  7:49  Overlord x2  
  96  7:56  Hatchery  
  92  8:02  Mutalisk x5  
  91  8:11  Drone x2  
  91  8:12  Drone x3  
  94  8:16  Mutalisk x2  
  98  8:22  Infestation Pit, Queen  
  99  8:28  Zergling x2  
  99  8:29  Zergling x6  
  103  8:40  Zergling x2  
  103  8:41  Zergling x14  
  111  8:51  Mutalisk x3  
  115  8:56  Zergling x2  
  115  8:57  Zergling x6  
  115  9:00  Baneling  
  115  9:01  Baneling x9  
  115  9:02  Zergling x2  
  113  9:11  Zergling x10  
  92  9:31  Zergling x2  
  92  9:32  Zergling x8  
  92  9:43  Zergling x10  
  97  9:48  Mutalisk x2  
  97  9:49  Mutalisk  
  97  9:51  Queen  
  103  9:56  Baneling x5  
  103  9:57  Zergling x2  
  103  9:58  Zergling x12  
  110  10:06  Baneling x4  
  110  10:07  Baneling x4  
  110  10:08  Baneling x2  
  110  10:09  Baneling x4  
  110  10:10  Zergling x2  
  110  10:11  Zergling x2  
  112  10:21  Zergling x2  
Show
View Real Time Build Order
Export as new Build Order

Miszu Terran - Winner!

Build Orders: Reaper Expand, MMM Bio 

Get SALT Encoding   

  12  0:00  SCV  
  13  0:12  SCV  
  14  0:18  Supply Depot  
  14  0:25  SCV  
  15  0:40  SCV  
  15  0:41  Barracks  
  16  0:44  Refinery  
  16  0:52  SCV  
  17  1:04  SCV  
  18  1:16  SCV  
  19  1:30  Reaper  
  19  1:31  Orbital Command  
  20  1:39  Command Center  
  20  1:50  Supply Depot  
  20  1:57  SCV  
  21  2:02  Marine  
  22  2:10  SCV  
  22  2:11  Factory  
  23  2:22  SCV  
  24  2:25  Barracks Reactor  
  24  2:34  SCV  
  25  2:45  Command Center  
  25  2:46  SCV  
  25  2:51  Orbital Command  
  26  2:58  SCV  
  27  3:09  Hellion x2, Barracks Tech Lab  
  27  3:10  SCV  
  32  3:16  SCV  
  33  3:22  SCV  
  33  3:27  Marine  
  33  3:28  Stimpack, SCV  
  35  3:34  SCV  
  35  3:37  Barracks  
  35  3:40  SCV, Factory Reactor  
  37  3:42  Barracks  
  37  3:45  Refinery  
  37  3:46  Marine, SCV  
  39  3:52  SCV  
  40  3:57  Orbital Command  
  40  3:58  SCV  
  41  4:03  Marine  
  41  4:04  SCV  
  43  4:11  SCV  
  43  4:12  Engineering Bay  
  43  4:13  Engineering Bay  
  43  4:17  Refinery, SCV  
  45  4:19  Refinery  
  45  4:23  Marine, SCV  
  47  4:25  Marine x2  
  47  4:27  SCV  
  47  4:29  SCV  
  51  4:32  Factory Reactor  
  51  4:33  Supply Depot  
  51  4:36  Starport  
  51  4:41  Marauder  
  51  4:43  Marine, SCV x2  
  56  4:49  SCV  
  56  4:51  Terran Infantry Armor Level 1  
  56  4:52  Marine x2  
  59  4:55  SCV  
  59  4:57  Marine  
  61  5:00  Terran Infantry Weapons Level 1  
  61  5:01  SCV  
  61  5:04  Supply Depot x2, Marine  
  61  5:07  Marine, SCV  
  64  5:09  Marine  
  64  5:13  SCV  
  67  5:18  Orbital Command  
  67  5:19  SCV  
  67  5:21  Factory Reactor, Orbital Command  
  68  5:25  Medivac x2, SCV  
  68  5:28  Supply Depot x2  
  73  5:31  SCV  
  73  5:32  Barracks  
  73  5:33  Barracks, Combat Shields  
  74  5:38  SCV  
  75  5:44  SCV  
  75  5:46  SCV  
  77  5:50  SCV  
  77  5:52  Bunker, Marine  
  77  5:53  Marine  
  77  5:54  Supply Depot  
  77  5:56  SCV  
  81  5:57  Marine  
  81  5:58  Marine x2  
  84  6:05  Armory  
  84  6:06  SCV x2  
  84  6:10  Marine, SCV  
  84  6:11  Marine  
  89  6:15  Marine  
  89  6:16  Marine x2  
  92  6:18  SCV  
  92  6:19  SCV  
  92  6:21  Widow Mine  
  92  6:22  SCV  
  92  6:23  Barracks Reactor x2  
  97  6:28  Marine x2  
  98  6:33  Marine x2  
  100  6:40  Marine  
  100  6:41  Hellion, Medivac x2  
  100  6:45  Marine  
  100  6:46  Marine  
  109  6:47  Barracks  
  109  6:48  Barracks  
  109  6:50  Barracks  
  109  6:54  Marine x2  
  109  6:58  Marine  
  109  6:59  Marine x4  
  106  7:03  Marine  
  106  7:04  Marine  
  105  7:12  Marine x2  
  105  7:13  Supply Depot  
  105  7:15  Medivac  
  109  7:16  Supply Depot  
  109  7:17  Supply Depot  
  109  7:34  Marine x7, Medivac  
  109  7:35  Marine  
  117  7:37  Marine  
  117  7:42  Supply Depot  
  117  7:43  Supply Depot  
  117  7:44  Supply Depot, Terran Infantry Armor Level 2, Terran Infantry Weapons Level 2  
  121  7:46  Barracks Tech Lab x3  
  118  7:52  Marine x4  
  118  7:54  Marauder  
  124  8:04  Marine  
  124  8:05  Marine x5, Marauder  
  119  8:10  Marine x4  
  123  8:15  Marauder  
  123  8:16  Medivac  
  123  8:17  Medivac  
  129  8:22  Marine  
  129  8:23  Marine x3, Marauder x2  
  129  8:26  Marauder  
  139  8:28  Supply Depot x2  
  139  8:30  Supply Depot  
  139  8:36  Marauder  
  139  8:38  Marine  
  139  8:39  Marine  
  139  8:40  Marine  
  139  8:41  Marine, Command Center  
  144  8:43  Marine  
  144  8:45  Marauder x2  
  144  8:48  Marauder  
  149  8:56  Marine x4  
  149  8:57  Marine  
  149  8:58  Marine, Marauder  
  149  8:59  Marine, Missile Turret  
  149  9:00  Marine, Missile Turret  
  159  9:02  Missile Turret  
  159  9:06  Marine, Marauder  
  159  9:08  Marine  
  163  9:13  Marine  
  163  9:14  Marine x3  
  163  9:15  Marine x2  
  163  9:16  SCV  
  170  9:19  Marauder  
  166  9:27  Marine, Marauder  
  166  9:29  Marine, Marauder  
  140  9:38  Marine, Marauder  
  135  9:40  Marauder  
  135  9:41  Marine  
  135  9:42  Viking x2, Marine x4  
  135  9:44  Marine  
  148  9:47  Marine  
  148  9:48  Marauder  
  148  9:50  Marine  
  146  9:56  Marine  
  146  9:59  Marine x6  
  149  10:02  Refinery, Marauder, Marine  
  149  10:03  Refinery, Missile Turret  
  149  10:04  Marine  
  157  10:08  Marine  
  157  10:09  Marine  
  157  10:14  Marine  
  163  10:17  Marauder  
Tags
 
Add a new tag
Caveats
  • Supply blocks, unpowered buildings, or Contaminate may cause inaccurate times.
  • Supply counts are checked every 10 seconds.